MWL
CLINTON PILOTS @ BURLINGTON BEES
05/08/1981
 
TOP OF THE 1ST
Clinton Pilots batting - Pitching for Burlington Bees : LHP Rodolfo Corderi
Pitching: LHP Rodolfo Corderi
Batting: RHB Billy Hatcher 0-0: Bunted foul
0-1: Ball
1-1: Called Strike
1-2: Ball
2-2: SINGLE (Line Drive, 34, EV 94.4 MPH)
Batting: RHB Alberto Reyes 0-0: Ball
1-0: Ball
Billy Hatcher is caught stealing 2nd base 2-4
2-0: Called Strike
2-1: Foul Ball, location: 2F
2-2: Ground out 5-3 (Groundball, 5, EV 98.8 MPH)
Batting: RHB Mark Parent 0-0: Called Strike
0-1: Foul Ball, location: 2F
0-2: Ground out 1-3 (Groundball, 34S, EV 66.9 MPH)
Top of the 1st over - 0 runs, 1 hit, 0 errors, 0 left on base; Clinton 0 - Burlington 0
BOTTOM OF THE 1ST
Burlington Bees batting - Pitching for Clinton Pilots : RHP Kevin Gross
Pitching: RHP Kevin Gross
Batting: RHB Anthony Veith 0-0: Ball
1-0: Ball
2-0: Ball
3-0: Called Strike
3-1: Foul Ball, location: 2F
3-2: Base on Balls
Batting: RHB Rod Johnson 0-0: Called Strike
0-1: Swinging Strike
0-2: Ground out 5-3 (Groundball, 56S, EV 67.5 MPH)
Anthony Veith to second
Batting: RHB Herbert Kizer 0-0: Foul Ball, location: 2F
0-1: Ball
1-1: Ball
2-1: Called Strike
2-2: Fly out, F7 (Flyball, 7LS, EV 77.5 MPH)
Batting: RHB Daniel Johnson 0-0: Fly out, F4 (Flyball, 4D, EV 89.4 MPH)
Bottom of the 1st over - 0 runs, 0 hits, 0 errors, 1 left on base; Clinton 0 - Burlington 0
TOP OF THE 2ND
Clinton Pilots batting - Pitching for Burlington Bees : LHP Rodolfo Corderi
Batting: RHB Abe Rael 0-0: Ball
1-0: Ball
2-0: Called Strike
2-1: Swinging Strike
2-2: Ball
3-2: Fly out, F7 (Flyball, 7LS, EV 87.5 MPH)
Batting: RHB Joseph Rietano 0-0: Ball
1-0: Foul Ball, location: 2F
1-1: Ball
2-1: Ball
3-1: Base on Balls
Batting: RHB Edwin Rodriguez 0-0: Ball
1-0: Foul Ball, location: 2F
1-1: Called Strike
1-2: Strikes out swinging
Batting: RHB Donn Koch 0-0: Swinging Strike
0-1: Called Strike
0-2: Ball
1-2: Fielders Choice at 2nd, 5-4 (Groundball, 56, EV 84.4 MPH)
Top of the 2nd over - 0 runs, 0 hits, 0 errors, 1 left on base; Clinton 0 - Burlington 0
BOTTOM OF THE 2ND
Burlington Bees batting - Pitching for Clinton Pilots : RHP Kevin Gross
Batting: RHB Thomas Echstenkamper 0-0: Ball
1-0: Called Strike
1-1: Fly out, F8 (Flyball, 8RD, EV 95.0 MPH)
Batting: LHB Pat Castiglia 0-0: Fly out, F5 (Popup, 56S, EV 80.0 MPH)
Batting: RHB Nick Hernandez 0-0: Ball
1-0: Ground out 5-3 (Groundball, 56, EV 83.1 MPH)
Bottom of the 2nd over - 0 runs, 0 hits, 0 errors, 0 left on base; Clinton 0 - Burlington 0
TOP OF THE 3RD
Clinton Pilots batting - Pitching for Burlington Bees : LHP Rodolfo Corderi
Batting: RHB Bert Pena 0-0: Ball
1-0: Ball
2-0: Foul Ball, location: 2F
2-1: Ball
3-1: Base on Balls
Batting: SHB Donnie Hill 0-0: Called Strike
0-1: Called Strike
0-2: Grounds into double play, 6-4-3 (Groundball, 6, EV 105.0 MPH)
Batting: RHB Billy Hatcher 0-0: Fly out, F7 (Flyball, 7D, EV 78.8 MPH)
Top of the 3rd over - 0 runs, 0 hits, 0 errors, 0 left on base; Clinton 0 - Burlington 0
BOTTOM OF THE 3RD
Burlington Bees batting - Pitching for Clinton Pilots : RHP Kevin Gross
Batting: LHB Jeffrey Dunn 0-0: Ball
1-0: Ball
2-0: Called Strike
2-1: Ball
3-1: Ground out 3-1 (Groundball, 34S, EV 89.4 MPH)
Batting: RHB Ronald Adkins 0-0: Foul Ball, location: 2F
0-1: Ball
1-1: Ball
2-1: Ball
3-1: Base on Balls
Batting: RHB Anthony Veith 0-0: Ball
1-0: Ball
2-0: Ball
3-0: Called Strike
3-1: Foul Ball, location: 2F
3-2: Fly out, F6 (Flyball, 6MD, EV 96.3 MPH)
Batting: RHB Rod Johnson 0-0: Ball
Ronald Adkins steals 2nd base
1-0: Called Strike
1-1: SINGLE (Groundball, 25, EV 65.6 MPH) (infield hit)
Ronald Adkins to third
Batting: RHB Herbert Kizer 0-0: Ball
1-0: Ball
2-0: Foul Ball, location: 2F
2-1: Swinging Strike
2-2: Foul Ball, location: 2F
2-2: Ball
3-2: Ground out 4-3 (Groundball, 34, EV 107.5 MPH)
Bottom of the 3rd over - 0 runs, 1 hit, 0 errors, 2 left on base; Clinton 0 - Burlington 0
TOP OF THE 4TH
Clinton Pilots batting - Pitching for Burlington Bees : LHP Rodolfo Corderi
Batting: RHB Alberto Reyes 0-0: Called Strike
0-1: Ball
1-1: Ball
2-1: Ball
3-1: Foul Ball, location: 2F
3-2: Ground out 5-3 (Groundball, 56S, EV 91.9 MPH)
Batting: RHB Mark Parent 0-0: Foul Ball, location: 2F
0-1: Ball
1-1: Called Strike
1-2: Fly out, F9 (Line Drive, 9D, EV 95.0 MPH)
Batting: RHB Abe Rael 0-0: SINGLE (Line Drive, 8LS, EV 101.3 MPH)
Batting: RHB Joseph Rietano 0-0: Ball
1-0: Fielders Choice at 2nd, 6-4 (Groundball, 6, EV 88.1 MPH)
Top of the 4th over - 0 runs, 1 hit, 0 errors, 1 left on base; Clinton 0 - Burlington 0
BOTTOM OF THE 4TH
Burlington Bees batting - Pitching for Clinton Pilots : RHP Kevin Gross
Batting: RHB Daniel Johnson 0-0: Ball
1-0: Called Strike
1-1: Ball
2-1: Ball
3-1: Called Strike
3-2: Foul Ball, location: 2F
3-2: Base on Balls
Batting: RHB Thomas Echstenkamper 0-0: Grounds into double play, 4-6-3 (Groundball, 4, EV 78.1 MPH)
Batting: LHB Pat Castiglia 0-0: Ball
1-0: Fly out, F9 (Flyball, 9LS, EV 81.3 MPH)
Bottom of the 4th over - 0 runs, 0 hits, 0 errors, 0 left on base; Clinton 0 - Burlington 0
TOP OF THE 5TH
Clinton Pilots batting - Pitching for Burlington Bees : LHP Rodolfo Corderi
Batting: RHB Edwin Rodriguez 0-0: Ball
1-0: Foul Ball, location: 2F
1-1: Fly out, F9 (Flyball, 89M, EV 89.4 MPH)
Batting: RHB Donn Koch 0-0: Called Strike
0-1: Ball
1-1: Ball
2-1: Foul Ball, location: 2F
2-2: Ball
3-2: Foul Ball, location: 2F
3-2: Ground out 4-3 (Groundball, 4, EV 89.4 MPH)
Batting: RHB Bert Pena 0-0: Called Strike
0-1: Ball
1-1: Foul Ball, location: 2F
1-2: Ball
2-2: Ball
3-2: Fly out, F8 (Flyball, 8LS, EV 81.3 MPH)
Top of the 5th over - 0 runs, 0 hits, 0 errors, 0 left on base; Clinton 0 - Burlington 0
BOTTOM OF THE 5TH
Burlington Bees batting - Pitching for Clinton Pilots : RHP Kevin Gross
Batting: RHB Nick Hernandez 0-0: Called Strike
0-1: Ball
1-1: Foul Ball, location: 2F
1-2: Fly out, F5 (Popup, 56S, EV 86.9 MPH)
Batting: LHB Jeffrey Dunn 0-0: Swinging Strike
0-1: Ball
1-1: Called Strike
1-2: Reached on error, E9 (Flyball, 89M, EV 91.9 MPH)
Batting: RHB Ronald Adkins 0-0: Fielders Choice at 2nd, 1-4 (Groundball, P, EV 86.3 MPH)
Batting: RHB Anthony Veith 0-0: Ball
1-0: Ball
2-0: Ball
3-0: Swinging Strike
3-1: DOUBLE (Groundball, 5L, EV 94.4 MPH)
Ronald Adkins to third
Runner from 3rd tries for Home, SAFE, no throw by LF
Batting: RHB Rod Johnson 0-0: Ball
1-0: Called Strike
1-1: Ball
2-1: Ball
3-1: Foul Ball, location: 2F
3-2: Fly out, F4 (Line Drive, 4, EV 61.3 MPH)
Bottom of the 5th over - 1 run, 1 hit, 1 error, 1 left on base; Clinton 0 - Burlington 1
TOP OF THE 6TH
Clinton Pilots batting - Pitching for Burlington Bees : LHP Rodolfo Corderi
Batting: SHB Donnie Hill 0-0: Bunt for hit to 2R - play at first, batter OUT! 2-3
Batting: RHB Billy Hatcher 0-0: Ball
1-0: Ball
2-0: Called Strike
2-1: Foul Ball, location: 2F
2-2: Strikes out looking
Batting: RHB Alberto Reyes 0-0: Bunted foul
0-1: Ball
1-1: Called Strike
1-2: Fly out, F9 (Flyball, 9LS, EV 85.6 MPH)
Top of the 6th over - 0 runs, 0 hits, 0 errors, 0 left on base; Clinton 0 - Burlington 1
BOTTOM OF THE 6TH
Burlington Bees batting - Pitching for Clinton Pilots : RHP Kevin Gross
Batting: RHB Herbert Kizer 0-0: Ball
1-0: Called Strike
1-1: TRIPLE (Flyball, 8LXD, EV 106.9 MPH)
Batting: RHB Daniel Johnson 0-0: Ball
1-0: Foul Ball, location: 2F
1-1: Called Strike
1-2: Fly out, F8 (Flyball, 8RD, EV 97.5 MPH)
Runner from 3rd tags up, SCORES, throw by CF
Batting: RHB Thomas Echstenkamper 0-0: Foul Ball, location: 2F
0-1: Ball
1-1: Ball
2-1: SOLO HOME RUN (Flyball, 89XD, EV 87.5 MPH), Distance : 400 ft
Batting: LHB Pat Castiglia 0-0: Ball
1-0: Ball
2-0: Called Strike
2-1: Ball
3-1: Fly out, F8 (Flyball, 8RXD, EV 99.4 MPH)
Batting: RHB Nick Hernandez 0-0: Ball
1-0: Fly out, F9 (Flyball, 9S, EV 83.8 MPH)
Bottom of the 6th over - 2 runs, 2 hits, 0 errors, 0 left on base; Clinton 0 - Burlington 3
TOP OF THE 7TH
Clinton Pilots batting - Pitching for Burlington Bees : LHP Rodolfo Corderi
Batting: RHB Mark Parent 0-0: Ball
1-0: Swinging Strike
1-1: Ball
2-1: Foul Ball, location: 2F
2-2: Ball
3-2: Ground out 5-3 (Groundball, 56S, EV 87.5 MPH)
Batting: RHB Abe Rael 0-0: Foul Ball, location: 2F
0-1: Ball
1-1: Ball
2-1: Ball
3-1: Base on Balls
Batting: RHB Joseph Rietano 0-0: Ball
1-0: Foul Ball, location: 2F
1-1: Foul Ball, location: 2F
1-2: Grounds into double play, 4-6-3 (Groundball, 4, EV 90.0 MPH)
Top of the 7th over - 0 runs, 0 hits, 0 errors, 0 left on base; Clinton 0 - Burlington 3
BOTTOM OF THE 7TH
Burlington Bees batting - Pitching for Clinton Pilots : RHP Kevin Gross
Batting: LHB Jeffrey Dunn 0-0: SOLO HOME RUN (Flyball, 9LD, EV 109.4 MPH), Distance : 366 ft
Batting: RHB Ronald Adkins 0-0: Fly out, F4 (Popup, 4MD, EV 54.4 MPH)
Batting: RHB Anthony Veith 0-0: Ball
1-0: Ball
2-0: Ball
3-0: Called Strike
3-1: Base on Balls
Batting: RHB Rod Johnson 0-0: Swinging Strike
0-1: Foul Ball, location: 2F
0-2: Ball
1-2: Ball
2-2: Ball
3-2: Fly out, F8 (Line Drive, 8LD, EV 96.3 MPH)
Batting: RHB Herbert Kizer 0-0: Called Strike
0-1: 2-RUN HOME RUN (Flyball, 7LD, EV 101.9 MPH), Distance : 355 ft
Batting: RHB Daniel Johnson 0-0: Called Strike
0-1: Ball
1-1: Ball
2-1: Called Strike
2-2: Ball
3-2: Strikes out swinging
Bottom of the 7th over - 3 runs, 2 hits, 0 errors, 0 left on base; Clinton 0 - Burlington 6
TOP OF THE 8TH
Clinton Pilots batting - Pitching for Burlington Bees : LHP Rodolfo Corderi
Batting: RHB Edwin Rodriguez 0-0: Ball
1-0: Ball
2-0: Called Strike
2-1: Ball
3-1: Base on Balls
Batting: RHB Donn Koch 0-0: Ball
1-0: Called Strike
1-1: Ball
2-1: SINGLE (Groundball, 4M, EV 102.5 MPH) (infield hit)
Edwin Rodriguez to second
Batting: RHB Bert Pena 0-0: Called Strike
0-1: Fly out, F5 (Line Drive, 5, EV 73.8 MPH)
Batting: SHB Donnie Hill 0-0: Ball
1-0: Called Strike
1-1: Fly out, F8 (Line Drive, 8LD, EV 97.5 MPH)
Batting: RHB Billy Hatcher 0-0: Called Strike
0-1: Ball
1-1: Swinging Strike
1-2: Ball
2-2: Foul Ball, location: 2F
2-2: Ball
3-2: Foul Ball, location: 2F
3-2: Strikes out swinging
Top of the 8th over - 0 runs, 1 hit, 0 errors, 2 left on base; Clinton 0 - Burlington 6
BOTTOM OF THE 8TH
Burlington Bees batting - Pitching for Clinton Pilots : RHP Kevin Gross
Batting: RHB Thomas Echstenkamper 0-0: Swinging Strike
0-1: Ground out 4-3 (Groundball, 4S, EV 68.8 MPH)
Batting: LHB Pat Castiglia 0-0: Fly out, F9 (Flyball, 9LM, EV 91.3 MPH)
Batting: RHB Nick Hernandez 0-0: Ball
1-0: Foul Ball, location: 2F
1-1: Ball
2-1: Swinging Strike
2-2: Strikes out swinging
Bottom of the 8th over - 0 runs, 0 hits, 0 errors, 0 left on base; Clinton 0 - Burlington 6
TOP OF THE 9TH
Clinton Pilots batting - Pitching for Burlington Bees : LHP Rodolfo Corderi
Batting: RHB Alberto Reyes 0-0: Ball
1-0: Called Strike
1-1: SINGLE (Groundball, 56S, EV 65.6 MPH) (infield hit)
Batting: RHB Mark Parent 0-0: Grounds into double play, 1-6-3 (Groundball, 13S, EV 70.6 MPH)
Batting: RHB Abe Rael 0-0: Ball
1-0: Called Strike
1-1: Foul Ball, location: 2F
1-2: Ball
2-2: SINGLE (Line Drive, 4MD, EV 97.5 MPH)
Batting: RHB Joseph Rietano 0-0: Foul Ball, location: 2F
0-1: Ground out 2-3 (Groundball, 2R, EV 70.0 MPH)
Top of the 9th over - 0 runs, 2 hits, 0 errors, 1 left on base; Clinton 0 - Burlington 6
Sunday, June 21st, 2020 - OOTP Baseball 21.4 Build 63